 Dungeon Crawl Stone Soup version 0.17-a0-1139-g49cbdf8 (webtiles) character file.

118 Jine the Skirmisher (level 4, 0/37 HPs)
             Began as a Demonspawn Abyssal Knight on May 26, 2015.
             Was a Believer of Lugonu.
             Killed from afar by an orc wizard (5 damage)
             ... with a puff of flame
             ... on level 2 of the Dungeon.
             The game lasted 00:05:48 (4062 turns).

Jine the Skirmisher (Demonspawn Abyssal Knight)     Turns: 4062, Time: 00:05:48

Health: 0/37       AC:  6    Str: 13    XL:     4   Next: 72%
Magic:  6/6        EV: 11    Int: 13    God:    Lugonu [**....]
Gold:   137        SH:  0    Dex: 13    Spells: 0 memorised, 3 levels left

rFire  . . .     SeeInvis .     a - +1 falchion
rCold  . . .     Clarity  .     o - +0 ring mail
rNeg   . . .     SustAt   .     (no shield)
rPois  +         Gourm    .     (no helmet)
rElec  .         Spirit   .     j - +0 cloak
rCorr  .         Warding  .     (no gloves)
rMut   .         Stasis   .     (no boots)
MR     .....                    (no amulet)
Stlth  +.........               i - ring of poison resistance
                                f - ring of flight

@: not resistant to hostile enchantments, very unstealthy
A: claws 2
a: Depart the Abyss, Bend Space, Renounce Religion, Evoke Flight


You were on level 2 of the Dungeon.
You worshipped Lugonu.
Lugonu was pleased with you.
You were not hungry.

You visited 1 branch of the dungeon, and saw 3 of its levels.
You visited the Abyss 1 time.

You collected 137 gold pieces.

Inventory:

Hand weapons
 a - a +1 falchion (weapon)
 g - a +0 whip
Armour
 b - a +0 leather armour
 j - a +0 cloak (worn)
 o - a +0 ring mail (worn)
Jewellery
 f - a ring of flight (left claw)
 i - a ring of poison resistance (right claw)
 s - an uncursed ring of protection from cold {unknown}
Scrolls
 l - 5 scrolls of identify {unknown}
 n - 2 scrolls of teleportation {unknown}
 p - a scroll of magic mapping {unknown}
 q - a scroll of blinking {unknown}
 u - a scroll of noise {unknown}
Potions
 c - a potion of invisibility {unknown}
 d - 2 potions of heal wounds {unknown}
 e - a potion of haste {unknown}
 h - a potion of agility {unknown}
 r - 2 potions of degeneration {unknown}
 v - a potion of ambrosia {unknown}
 w - a potion of flight {unknown}
Comestibles
 k - 2 meat rations
 m - a beef jerky


   Skills:
 * Level 4.2 Fighting
 * Level 2.4 Long Blades
 + Level 2.3 Armour
 + Level 1.7 Dodging
 + Level 3.0 Invocations


You had 3 spell levels left.
You didn't know any spells.

Dungeon Overview and Level Annotations

Branches:
Dungeon (3/15)

Altars:
Okawaru
Trog
Vehumet

Annotations:
D:3 Grinder


Innate Abilities, Weirdness & Mutations

You have very sharp fingernails.


Message History

The orc barely misses you.
The orc wizard hits you but does no damage.
The orc wizard hits you with a dagger. The orc barely misses you.
You climb upwards.
There is a stone staircase leading down here.
You hit the orc wizard.
The orc wizard is moderately wounded.
The orc wizard hits you but does no damage.
The orc wizard casts a spell.
You feel a wave of unholy energy pass over you.
The orc hits you but does no damage. The orc wizard barely misses you.
You hit the orc wizard.
The orc wizard is almost dead.
The orc wizard hits you with a dagger. The orc hits you but does no damage.
The orc wizard points at you and mumbles some strange words.
The puff of frost hits you!
* * * LOW HITPOINT WARNING * * *
The orc wizard casts a spell at you. The puff of flame hits you!
You die...

#.#8#.#######'##.# #...#
#.#.#.# #.##.# #...# ##
##.#.#.# #.##.#####...####.
#..#.#.# #........+...'..'.
#..#>#.# #.##.#####...####.
#..#_#.# #.##.#.......# #.
#..###.#######.##.#.#####.# #.
#............#o##.#.#####.####.
#.#..#.......o@o...............
#............####.#.#####.#....
######.......# #.#.# #.#.###
#.......# #.#.# #.#.#..
#.......# #.#.#####.#.#.#
#.......# #.........#.#.#
##############.####..#.#.#
#.........#.# #..#.#.#
#.........#.####..#.#..


You could see 2 orc wizards and an orc.

Vanquished Creatures
  An orc wizard (D:3)
  3 adders
  2 worms (D:3)
  2 giant geckos (D:1)
  4 orcs
  3 giant cockroaches
  7 hobgoblins
  4 jackals (D:1)
  5 kobolds
  3 quokkas
  A bat (D:1)
  4 giant newts
  5 goblins
  6 rats
50 creatures vanquished.

Vanquished Creatures (others)
  A worm (D:2)
  An orc (D:3)
  A hobgoblin (D:2)
3 creatures vanquished.

Grand Total: 53 creatures vanquished

Notes
Turn   | Place    | Note
--------------------------------------------------------------
     0 | Abyss:1  | Jine the Demonspawn Abyssal Knight began the quest for the Orb.
     0 | Abyss:1  | Reached XP level 1. HP: 18/18 MP: 2/2
    26 | Abyss:1  | Noticed an angel
    39 | Abyss:1  | Found a snail-covered altar of Cheibriados.
    40 | Abyss:1  | Found a corrupted altar of Lugonu.
    59 | D:1      | Escaped the Abyss
   374 | D:1      | Reached skill level 1 in Dodging
   374 | D:1      | Gained mutation: You have sharp fingernails. [demonic ancestry]
   374 | D:1      | Reached XP level 2. HP: 18/24 MP: 3/3
  1307 | D:1      | Acquired Lugonu's second power
  1739 | D:2      | Gained mutation: You have very sharp fingernails. [demonic ancestry]
  1739 | D:2      | Reached XP level 3. HP: 19/30 MP: 4/4
  1948 | D:2      | Found a radiant altar of Vehumet.
  2287 | D:2      | Found an iron altar of Okawaru.
  2806 | D:3      | Reached skill level 4 in Fighting
  2806 | D:3      | Reached XP level 4. HP: 23/37 MP: 6/6
  3091 | D:3      | Noticed Grinder
  3100 | D:3      | Noticed a moth of wrath
  3103 | D:3      | Found a bloodstained altar of Trog.
  4062 | D:2      | Killed from afar by an orc wizard

Vault maps used:
D:1:      onia_arrival_mini_spirals, minmay_strange_pillars
D:2:      fiery_altar_vehumet, st_stairs_14, corner_web_ring,
          lemuel_statue_altar
D:3:      nemelex_xobeh_ov_fountains_minmay, nicolae_qazlal_general_emergency,
          tgw_trog, uniq_grinder

Action                   |  1- 3 |  4- 6 || total
-------------------------+-------+-------++-------
Melee: Falchion          |   131 |    70 ||   201
Invok: Bend Space        |       |     4 ||     4
  Eat: Bread ration      |     1 |     1 ||     2
       Pizza             |       |     1 ||     1
